 Dungeon Crawl Stone Soup version 0.26-a0-450-ge645bd13c1 (webtiles) character file.

Game seed: 15701856914270251422

(classic levelgen) 25 EnegeticOcto the Chopper (level 3, 0/31 HPs)
             Began as a Ghoul Berserker on July 27, 2020.
             Was a Follower of Trog.
             Slain by a gnoll
             ... wielding a +0 halberd
              (13 damage)
             ... on level 3 of the Dungeon.
             The game lasted 00:02:31 (482 turns).

EnegeticOcto the Chopper (Ghoul Berserker)           Turns: 482, Time: 00:02:31

Health: 0/31       AC: 11    Str: 19    XL:     3   Next: 4%
Magic:  2/2        EV:  7    Int:  4    God:    Trog [*.....]
Gold:   103        SH:  0    Dex:  8    Spells: 2/2 levels left

rFire    . . .     SeeInvis .   a - +1 hand axe
rCold    + . .     Faith    .   (no shield)
rNeg     + + +     Spirit   .   e - +3 chain mail
rPois    ∞         Reflect  .   (no helmet)
rElec    .         Harm     .   (no cloak)
rCorr    .                      (no gloves)
MR       .....                  (no boots)
Stlth    ..........             d - amulet of magic regeneration
HPRegen  0.00/turn              (no ring)
MPRegen  0.33/turn              (no ring)

@: no status effects
A: rotting body, claws 1, cold resistance 1, negative energy resistance 3,
inhibited regeneration, torment resistance, unbreathing
a: Renounce Religion


You were on level 3 of the Dungeon.
You worshipped Trog.
Trog was aware of your devotion.
You visited 1 branch of the dungeon, and saw 3 of its levels.

You collected 103 gold pieces.

Inventory:

Hand Weapons
 a - a +1 hand axe (weapon)
Missiles
 g - 38 arrows
 i - 4 poisoned darts (quivered)
Armour
 b - a +0 animal skin
 e - a +3 chain mail (worn)
Jewellery
 d - an amulet of magic regeneration (around neck)
Scrolls
 h - a scroll of teleportation {unknown}
Potions
 c - a potion of lignification {unknown}
 f - a potion of curing {@q1 !q}


   Skills:
 - Level 3.2 Fighting
 + Level 3.7 Axes
 - Level 1.7 Armour
 - Level 1.7 Dodging


You had 2 spell levels left.
You didn't know any spells.
Your spell library was empty.

Dungeon Overview and Level Annotations

Branches:
Dungeon (3/15)

Altars:


Innate Abilities, Weirdness & Mutations

Your body is rotting away.
You thrive by killing the living.
You are immune to poison.
You have sharp fingernails.
Your flesh is cold resistant. (rC+)
You are immune to negative energy. (rN+++)
You do not regenerate when monsters are visible.
You are immune to unholy pain and torment.
You can survive without breathing.


Message History

g - 38 arrows (gained 23)
Found 13 gold pieces.
You now have 88 gold pieces (gained 13).
A rat comes into view.
The rat bites you but does no damage.
You slash the rat!
You kill the rat!
Trog accepts your kill.
No target in view!
No target in view!
No target in view!
No target in view!
Found a dagger.
You open the door.
Found a scroll labeled TAAHYHANYQI.
Found a stone staircase leading down.
Found a runed mace.
There is an open door here.
There is a stone staircase leading down here.
h - a scroll labeled TAAHYHANYQI
There is a stone staircase leading down here.
You climb downwards.
An adder comes into view.
The adder hisses angrily.
The adder bites you but does no damage. The adder closely misses you.
There is a stone staircase leading up here.
You closely miss the adder. The adder bites you but does no damage.
The adder bites you.
You miss the adder. The adder bites you but does no damage.
Your chain mail prevents you from hitting the adder.
The adder bites you but does no damage. The adder closely misses you.
You slash the adder!
The adder is severely wounded.
The adder bites you but does no damage.
You slash the adder!
You kill the adder!
Trog accepts your kill.
You feel better.
You have reached level 3!
Your experience leads to an increase in your attributes!
Increase (s)trength, (i)ntelligence, or (d)exterity?
You feel clever.
A bat comes into view.
Found 15 gold pieces.
You hit the bat.
You kill the bat!
Trog accepts your kill.
You now have 103 gold pieces (gained 15).
A rat comes into view.
You hit the rat.
You kill the rat!
Trog accepts your kill.
Found a dagger.
You see here a rat corpse.
A kobold comes into view.
You stumble into a teleport trap!
You are suddenly yanked towards some nearby monsters!
Your surroundings suddenly seem different.
A jackal comes into view.
The jackal barks!
You hear a bark!
The kobold moves out of view.
Found 14 gold pieces, a trident and an inky potion.
The gnoll shouts!
The gnoll barely misses you. The gnoll hits you but does no damage.
You closely miss the gnoll. The gnoll barely misses you.
The jackal closely misses you.
You hit the gnoll.
The gnoll is lightly wounded.
You hit the jackal.
The jackal bites you but does no damage.
You completely miss the jackal.
The jackal is almost dead.
You hit the gnoll.
The jackal bites you but does no damage.
The gnoll barely misses you.
The gnoll hits you from afar with a +0 spear.
The jackal misses you.
You barely miss the jackal.
The jackal is almost dead.
You barely miss the gnoll. The gnoll barely misses you.
A jackal comes into view. x2
The gnoll hits you from afar with a +0 spear.
The jackal bites you but does no damage.
You closely miss the jackal.
The jackal is almost dead.
You hit the gnoll. The jackal barely misses you.
The gnoll hits you with a +0 halberd.
The gnoll hits you from afar with a +0 spear.
The jackal misses you.
You are too injured to fight recklessly!
You are too injured to fight recklessly!
You are too injured to fight recklessly!
You are too injured to fight recklessly!
You are too injured to fight recklessly!
You are too injured to fight recklessly!
You closely miss the gnoll.
The gnoll is severely wounded.
You closely miss the jackal. The gnoll hits you but does no damage.
The gnoll hits you with a +0 halberd!
You die...

.## .. .#. .# ###
#.# .#.# .# ! ...
h.# ... .### )#
.$# # #..
##...#..# ..####
##.#.. ##.......#
...... .....
#.h...$..# ....#
#..##h.......#
......
#g.@hh.......#
..####
......g###.....#..
.... ....#.#
##...## .#### ###
#. #.## ## # .# #
.# # . #


You could see 2 gnolls and 4 jackals.

Vanquished Creatures
  An adder (D:3)
  A ball python (D:1)
  3 bats
  A giant cockroach (D:1)
  3 goblins
  2 hobgoblins
  A kobold (D:1)
  4 rats
16 creatures vanquished.

Notes
Turn   | Place    | Note
-------+----------+-------------------------------------------
     0 | D:1      | EnegeticOcto the Ghoul Berserker began the quest for the
                  | Orb.
     0 | D:1      | Reached XP level 1. HP: 19/19 MP: 0/0
   191 | D:1      | Reached skill level 3 in Axes
   210 | D:2      | Reached XP level 2. HP: 25/26 MP: 1/1
   442 | D:3      | Reached XP level 3. HP: 31/31 MP: 2/2
   482 | D:3      | Slain by a gnoll

Illustrated notes

Levels and vault maps discovered:
D:1:      heliophobic_arrival_glass_houses, layout_basic
D:2:      layout_basic, good_gods_temple_1
D:3:      layout_loops_ring, led_sif_book, serial_glass, glass_columns_c,
          glass_columns_a, small_statue_intersection

Skill      XL: |  1 |
---------------+----+-----
Axes           | 3 |  3.7
Fighting       | |  3.2
Armour         | |  1.7
Dodging        | |  1.7

Action                   || total
-------------------------++-------
Melee: Hand axe          ||    42
  Use: Scroll            ||     4
       Potion            ||     1
Armor: Chain mail        ||    60
       Animal skin       ||     3
Dodge: Dodged            ||    55

Table legend: (Time is in decaauts)
 A = Elapsed time spent in this place.
 B = Non-inter-level travel time spent in this place.
 C = Inter-level travel time spent in this place.
 D = Time resting spent in this place.
 E = Time spent auto-exploring this place.
 F = Levels seen in this place.
 G = Mean time per level.
                   A        B        C        D        E       F      G
               +--------+--------+--------+--------+--------+-----+--------+
         Total |    489 |    481 |      8 |      0 |      0 |   3 |  163.0 |
       Dungeon |    489 |    481 |      8 |      0 |      0 |   3 |  163.0 |
               +--------+--------+--------+--------+--------+-----+--------+

Top non-repeatable levels by time:
     D:1: 254 daAuts
     D:2: 182 daAuts
     D:3: 52 daAuts
